 Dungeon Crawl Stone Soup version 0.31.0-11-ge490571c62 (webtiles) character file.

Game seed: 10993956348392983532

49 qw the Shooter (level 3, -2/20 HPs)
             Began as a Deep Elf Hunter on Feb 4, 2024.
             Succumbed to a kobold's poison
             ... on level 2 of the Dungeon.
             The game lasted 00:00:22 (1166 turns).

qw the Shooter (Deep Elf Hunter)                    Turns: 1166, Time: 00:00:22

Health: -2/20      AC:  4    Str: 10    XL:     3   Next: 53%
Magic:  5/5        EV: 12    Int: 13    God:
Gold:   130        SH:  0    Dex: 18    Spells: 2/2 levels left

rFire   . . .        a - +0 shortbow
rCold   . . .        (shield currently unavailable)
rNeg    . . .        c - +0 leather armour
rPois   .            (no helmet)
rElec   .            (no cloak)
rCorr   .            g - +0 pair of gloves
SInv    .            (no boots)
Will    .....        (no amulet)
Stlth   ++           (no ring)
HPRegen 0.23/turn    (no ring)
MPRegen 0.09/turn

%: no passive effects
@: lethally poisoned (-2 -> -21), about to teleport
A: no striking features
a: no special abilities


You were on level 2 of the Dungeon.
You visited 1 branch of the dungeon, and saw 2 of its levels.

You collected 130 gold pieces.


   Skills:
 - Level 1.5 Fighting
 + Level 7.1 Ranged Weapons
 - Level 2.4 Dodging
 - Level 1.2 Stealth


You had 2 spell levels left.
You didn't know any spells.
Your spell library was empty.

Inventory:

Hand Weapons
 a - a +0 shortbow (weapon)
Armour
 c - a +0 leather armour (worn)
 e - a +0 ring mail
 g - a +0 pair of gloves (worn)
Wands
 b - a wand of roots (8)
Scrolls
 f - a scroll of enchant weapon {unknown}
 h - a scroll of amnesia {unknown}
Potions
 d - a potion of attraction {unknown}
 i - a potion of heal wounds {unknown}
 j - a potion of brilliance {unknown}

Dungeon Overview and Level Annotations

Branches:
Dungeon (2/15)

Altars:

Annotations:
D:2 Terence


Message History

The arrow hits the adder but does no damage.
The adder is lightly wounded.
You shoot an arrow. The arrow barely misses the adder.
The adder closely misses you.
You shoot an arrow. The arrow barely misses the adder.
The adder barely misses you.
You shoot an arrow. The arrow barely misses the adder.
The adder closely misses you. x2
You shoot an arrow. The arrow closely misses the adder.
The arrow misses the frilled lizard.
The adder closely misses you. The kobold closely misses you.
You shoot an arrow. The arrow hits the adder!
The adder is almost dead.
The adder closely misses you.
The kobold hits you with a +1 dagger of venom.
The adder closely misses you.
You shoot an arrow. The arrow barely misses the adder.
The adder bites you.
The kobold hits you with a +1 dagger of venom.
You are poisoned.
You shoot an arrow. The arrow hits the adder.
You kill the adder!
You feel sick. The kobold hits you but does no damage.
You are lethally poisoned!
Your Ranged Weapons skill increases to level 7!
You shoot an arrow.
The arrow closely misses the frilled lizard.
You feel very sick. The frilled lizard closely misses you.
The kobold hits you with a +1 dagger of venom.
You are more poisoned.
You shoot an arrow.
The arrow barely misses the frilled lizard.
You feel extremely sick.
The frilled lizard bites you but does no damage.
The kobold misses you.
1166 ||| READING scroll of teleportation.
As you read the scroll of teleportation, it crumbles to dust.
You feel strangely unstable.
You die...

#.#####...........%........
#...##...#...#.............
###.#......#...............
#............#.#.#.........
##.##...<..................
##..###......#####..#..#.##
#####............#
##...##.#
#............###.# #.
..#.[........# #@#
.............# #Kl......
..#..........# ##..####.
.............# ..#
#............. ...
#.#............# .#..
................ .....
###...........# #......
#..........###..#


You could see a kobold and a frilled lizard.

Vanquished Creatures
  An adder (D:2)
  A dart slug (D:1)
  2 endoplasms
  A giant cockroach (D:2)
  4 goblins
  4 hobgoblins
  A quokka (D:2)
  8 ball pythons
  3 bats
  A frilled lizard (D:2)
  3 kobolds
  6 rats
35 creatures vanquished.

Notes
Turn   | Place    | Note
-------+----------+-------------------------------------------
     0 | D:1      | qw the Deep Elf Hunter began the quest for the Orb.
     0 | D:1      | Reached XP level 1. HP: 12/12 MP: 3/3
     0 | D:1      | 0 ||| qw: Version: 0.3-a-160-g6735b56
     0 | D:1      | 0 ||| qw: Game counter: 6089
     0 | D:1      | 0 ||| qw: Melee chars always use a shield: true
     0 | D:1      | 0 ||| qw: God list: Okawaru
     0 | D:1      | 0 ||| qw: Allow faded altars: false
     0 | D:1      | 0 ||| qw: Do Orc after clearing Dungeon:15 true
     0 | D:1      | 0 ||| qw: Do second Lair branch before Depths: true
     0 | D:1      | 0 ||| qw: Lair rune preference: random
     0 | D:1      | 0 ||| qw: Goals: Normal
     0 | D:1      | 0 ||| PLANNING D:1-11
   192 | D:1      | Reached XP level 2. HP: 16/16 MP: 4/4
   208 | D:1      | Reached skill level 6 in Ranged Weapons
   641 | D:1      | Found a faded altar of an unknown god.
   717 | D:1      | 717 ||| UPGRADING to +0 pair of gloves.
   722 | D:1      | 722 ||| READING scroll labelled UPNEAR DUENUXE.
   823 | D:1      | 823 ||| READING scroll labelled QOEHAD VILEUFF.
   823 | D:1      | 823 ||| IDENTIFYING brown potion
   824 | D:1      | 824 ||| READING 2 scrolls labelled OSIKHA TOXAANE.
   828 | D:1      | 828 ||| DROPPING scroll of butterflies.
   829 | D:1      | 829 ||| DROPPING potion of degeneration.
   842 | D:2      | 842 ||| STAIRDANCE
   901 | D:2      | Reached XP level 3. HP: 20/20 MP: 5/5
   998 | D:2      | Noticed Terence
  1011 | D:2      | HP: 5/20 [Terence/+0 hand axe (6)]
  1012 | D:2      | 1012 ||| READING scroll of teleportation.
  1164 | D:2      | Reached skill level 7 in Ranged Weapons
  1165 | D:2      | HP: 2/20 [poisoned by a kobold]
  1166 | D:2      | 1166 ||| READING scroll of teleportation.
  1166 | D:2      | Succumbed to a kobold's poison

Levels and vault maps discovered:
D:1:      ebering_trefoil_3fold, layout_loops_ring,
          ebering_ecumenical_altar_mist, serial_bayou_pond_d,
          kennysheep_pointless_box, roderic_roman_lattice, feat_on_display
D:2:      layout_rooms, minmay_crystal_water, uniq_terence

Skill      XL: |  1  2  3 |
---------------+----------+-----
Ranged Weapons | 6 7 |  7.1
Fighting       | |  1.5
Dodging        | |  2.4
Stealth        | |  1.2

Action                     || total
---------------------------++-------
   Fire: Shortbow          ||   105
    Use: Scroll            ||     5
 Armour: Leather armour    ||    26
  Dodge: Dodged            ||    40

Table legend:
 A = Non-vault XP
 B = Vault XP
 C = Vault XP percentage of total XP
 D = Non-vault monster count
 E = Vault monster count
 F = Vault count percentage of total count
                 A         B        C        D         E       F
            +---------+---------+-------+---------+---------+-------
      Total |      71 |       0 |   0.0 |      35 |       0 |   0.0
            +---------+---------+-------+---------+---------+-------
        D:1 |      29 |       0 |   0.0 |      17 |       0 |   0.0
        D:2 |      42 |       0 |   0.0 |      18 |       0 |   0.0
            +---------+---------+-------+---------+---------+-------
